 Dungeon Crawl Stone Soup version 0.23.2-1-ga50397a6bc (webtiles) character file.

Game seed: 3153439439895079896

138 Mrkan the Ruffian (level 5, -10/50 HPs)
             Began as a Troll Monk on May 23, 2019.
             Mangled by Sigmund
             ... wielding a +3 scythe of protection
              (13 damage)
             ... on level 3 of the Dungeon.
             The game lasted 00:05:10 (1666 turns).

Mrkan the Ruffian (Troll Monk)                      Turns: 1666, Time: 00:05:11

Health: -10/50     AC:  6    Str: 19    XL:     5   Next: 1%
Magic:  4/4        EV:  7    Int:  6    God:
Gold:   80         SH:  7    Dex: 13    Spells: 4/4 levels left

rFire    . . .     SeeInvis .     - Unarmed
rCold    . . .     Gourm    +   l - +0 shield
rNeg     . . .     Faith    .   a - +0 robe
rPois    .         Spirit   .   (helmet restricted)
rElec    .         Reflect  .   (no cloak)
rCorr    .         Harm     .   (gloves unavailable)
MR       .....                  (boots unavailable)
Stlth    ++........             (no amulet)
HPRegen  0.56/turn              (no ring)
MPRegen  0.09/turn              (no ring)

@: no status effects
A: large, unfitting armour, claws 3, fast metabolism 3, gourmand, regeneration
1, shaggy fur 1, tough skin 3
a: no special abilities


You were on level 3 of the Dungeon.
You were completely stuffed.

You visited 1 branch of the dungeon, and saw 3 of its levels.

You collected 80 gold pieces.

Inventory:

Missiles
 i - 26 stones (quivered)
Armour
 a - a +0 robe (worn)
 l - a +0 shield (worn)
Scrolls
 d - 3 scrolls of identify {unknown}
 e - 3 scrolls of remove curse {unknown}
 f - a scroll of magic mapping {unknown}
 h - a scroll of blinking {unknown}
 j - 2 scrolls of immolation {unknown}
 n - a scroll of enchant armour {unknown}
Potions
 c - a potion of ambrosia {unknown}
 g - a potion of might {unknown}
 m - 2 potions of curing {unknown}
Comestibles
 b - 7 rations
 k - 9 chunks of flesh


   Skills:
 - Level 2.4 Fighting
 - Level 2.4 Dodging
 - Level 1.0 Stealth
 * Level 5.7 Unarmed Combat


You had 4 spell levels left.
You didn't know any spells.
Your spell library was empty.

Dungeon Overview and Level Annotations

Branches:
Dungeon (3/15)

Altars:

Annotations:
D:3 Sigmund


Innate Abilities, Weirdness & Mutations

You are too large for most types of armour.
You have claws for hands.
Your metabolism is lightning-fast.
You like to eat raw meat.
Your natural rate of healing is unusually fast.
You are covered in fur. (AC +1)
You have extremely tough skin. (AC +3)


Message History

You butcher the quokka corpse.
Things that are here:
2 stones; a chunk of flesh; a quokka skeleton
There is a strange disturbance nearby!
There is a strange disturbance nearby!
There is a strange disturbance nearby!
There is a strange disturbance nearby!
You scratch something. Something hits you!
* * * LOW HITPOINT WARNING * * *
You miss something. Something hits you.
* * * LOW HITPOINT WARNING * * *
Your shield prevents you from hitting something.
You miss something. Something hits you.
* * * LOW HITPOINT WARNING * * *
You miss something. Something hits you.
* * * LOW HITPOINT WARNING * * *
You miss something.
Your shield prevents you from hitting something.
Something hits you!
You die...

######.......#.#.....#.#.#..
#...###............)#..
#...#####.#.......#.#..
#(..................#..
#...........#.#.#.#.#..
#..........(........###
#...(.........#.#.#.#
#.....................
###...@.........#.#....
........{..............#
....................#.###
%..................
.......###...... # .......#
.####. > ....... .# ......
.#


There were no monsters in sight!

Vanquished Creatures
  A worker ant (D:3)
  2 adders (D:3)
  3 worms (D:2)
  4 dart slugs
  A leopard gecko (D:2)
  4 orcs (D:3)
  8 giant cockroaches
  13 goblins
  11 hobgoblins
  2 quokkas
  6 bats
  3 frilled lizards
  9 kobolds
  6 rats
73 creatures vanquished.

Notes
Turn   | Place    | Note
-------+----------+-------------------------------------------
     0 | D:1      | Mrkan the Troll Monk began the quest for the Orb.
     0 | D:1      | Reached XP level 1. HP: 22/22 MP: 0/0
   293 | D:1      | Reached XP level 2. HP: 29/29 MP: 1/1
   768 | D:2      | Reached skill level 4 in Unarmed Combat
   856 | D:2      | Reached XP level 3. HP: 36/36 MP: 2/2
  1232 | D:3      | Reached XP level 4. HP: 35/44 MP: 3/3
  1249 | D:3      | Reached skill level 5 in Unarmed Combat
  1365 | D:3      | Noticed Sigmund
  1655 | D:3      | Reached XP level 5. HP: 30/50 MP: 4/4
  1664 | D:3      | HP: 2/50 [something (4)]
  1666 | D:3      | Mangled by Sigmund

Skill      XL: |  1  2  3  4 |
---------------+-------------+-----
Unarmed Combat | 4 5 |  5.7
Fighting       | |  2.4
Dodging        | |  2.4
Stealth        | |  1.0

Action                   |  1- 3 |  4- 6 || total
-------------------------+-------+-------++-------
Melee: Unarmed           |    95 |    67 ||   162
Throw: Stone             |       |    17 ||    17
 Stab: Sleeping          |     3 |       ||     3
       Distracted        |     2 |       ||     2
  Eat: Chunk             |    17 |     4 ||    21
Armor: Robe              |    42 |    33 ||    75
Dodge: Dodged            |    39 |    36 ||    75
Block: Shield            |     9 |    32 ||    41
